 Dungeon Crawl Stone Soup version 0.31-a0-699-g830162fb6c (webtiles) character file.

Game seed: 16914813795969941580

290 qw the Shooter (level 6, -9/39 HPs)
             Began as a Gargoyle Hunter on Sept 7, 2023.
             Mangled by a two-headed ogre
             ... wielding a +0 giant club
              (20 damage)
             ... on level 6 of the Dungeon.
             The game lasted 00:00:43 (1608 turns).

qw the Shooter (Gargoyle Hunter)                    Turns: 1608, Time: 00:00:44

Health: -9/39      AC: 12    Str: 14    XL:     6   Next: 32%
Magic:  6/6        EV: 10    Int: 13    God:
Gold:   122        SH:  0    Dex: 14    Spells: 5/5 levels left

rFire   . . .        Y - +0 shortbow
rCold   . . .        (shield currently unavailable)
rNeg    + . .        f - +0 ring mail
rPois   inf          (no helmet)
rElec   +            (no cloak)
rCorr   .            (no gloves)
SInv    .            d - +0 pair of boots
Will    .....        (no amulet)
Stlth   +            (no ring)
HPRegen 0.26/turn    (no ring)
MPRegen 0.10/turn

%: no passive effects
@: no status effects
A: sickness immunity, AC +4, negative energy resistance 1, electricity
resistance, torment resistance 1, petrification resistance, iridescent scales 1,
clever 1
a: no special abilities


You were on level 6 of the Dungeon.
You visited 1 branch of the dungeon, and saw 4 of its levels.

You collected 122 gold pieces.


Innate Abilities, Weirdness & Mutations

You are immune to sickness and miasma.
Your stone body is resilient. (AC +4)
You are immune to poison.
You resist negative energy. (rN+)
You are resistant to electric shocks. (rElec)
You are resistant to unholy torment.
You are immune to petrification.
You are partially covered in iridescent scales. (AC +2)
Your mind is acute. (Int +4, Str/Dex -1)


   Skills:
 - Level 4.7 Fighting
 + Level 6.1 Ranged Weapons
 - Level 1.0 Armour
 - Level 1.5 Dodging
 - Level 1.1 Stealth


You had 5 spell levels left.
You didn't know any spells.
Your spell library was empty.

Inventory:

Hand Weapons
 Y - a +0 shortbow (weapon)
Armour
 d - a +0 pair of boots (worn)
 f - a +0 ring mail (worn)
Scrolls
 a - a scroll of identify
 b - a scroll of revelation {unknown}
Potions
 e - 2 potions of curing
 g - a potion of might {unknown}
 h - a potion of degeneration {unknown}
 j - a potion of mutation

Dungeon Overview and Level Annotations

Branches:
Dungeon (3/15)

Altars:
Ashenzari
Qazlal

Shops:
D:2 [


Message History

The centaur is moderately wounded.
The centaur shoots an arrow.
The arrow barely misses you.
The centaur shoots an arrow.
The arrow hits you!
You shoot an arrow.
The arrow completely misses the centaur.
The centaur shoots an arrow.
The arrow hits you but does no damage.
You shoot an arrow. The arrow barely misses the centaur.
The centaur shoots an arrow.
The arrow hits you!
The centaur shoots an arrow.
The arrow hits you.
You shoot an arrow. The arrow hits the centaur!
The centaur is severely wounded.
The centaur shoots an arrow.
The arrow hits you.
The centaur shoots an arrow.
The arrow hits you.
You shoot an arrow. The arrow hits the centaur!
You kill the centaur!
Your Fighting skill increases to level 4!
You have reached level 6!
You start resting.
HP restored.
A two-headed ogre comes into view. It is wielding two +0 giant clubs.
The two-headed ogre shouts in stereo!
You shoot an arrow.
The arrow hits the two-headed ogre but does no damage.
You shoot an arrow. The arrow hits the two-headed ogre!
The two-headed ogre is lightly wounded.
You shoot an arrow.
The arrow hits the two-headed ogre but does no damage.
The two-headed ogre is lightly wounded.
You shoot an arrow.
The arrow completely misses the two-headed ogre.
You shoot an arrow. The arrow hits the two-headed ogre.
The two-headed ogre is lightly wounded.
The two-headed ogre hits you with a +0 giant club.
The two-headed ogre hits you with a +0 giant club!
You shoot an arrow.
The arrow barely misses the two-headed ogre.
The two-headed ogre hits you with a +0 giant club!
The two-headed ogre hits you with a +0 giant club!!
Ouch! That really hurt!
You die...

### .. #.. .# #.## .# #.##..
.# #.#..######.## #.
#.#..##... ..# ###
#)#####.#..##.###..####. ..
#...............@O...... ..###
#.........###.########## .....
#.........# #.##...#.#.#......
#.........# #.##.#.#...#......
#.........###.##.#.#.#........
#.............##.#.#.#.###+###
#...###..#######.#.#..........
#...#E#..# #.#.###.###....
#...###%########.#...#.# ..


You could see a two-headed ogre.

Vanquished Creatures
  A centaur (D:6)
  A phantom (D:2)
  A hound (D:6)
  5 adders
  3 worms (D:2)
  A dart slug (D:1)
  6 endoplasms
  6 hobgoblins
  2 quokkas (D:1)
  2 ball pythons (D:2)
  4 bats
  3 frilled lizards
  5 goblins
  6 kobolds
  4 rats
50 creatures vanquished.

Notes
Turn   | Place    | Note
-------+----------+-------------------------------------------
     0 | D:1      | qw the Gargoyle Hunter began the quest for the Orb.
     0 | D:1      | Reached XP level 1. HP: 12/12 MP: 1/1
     0 | D:1      | 0 ||| qw: Version: 0.3-a-76-g4403597
     0 | D:1      | 0 ||| qw: Game counter: 402
     0 | D:1      | 0 ||| qw: Melee chars always use a shield: true
     0 | D:1      | 0 ||| qw: God list: Okawaru
     0 | D:1      | 0 ||| qw: Allow faded altars: false
     0 | D:1      | 0 ||| qw: Do Orc after clearing Dungeon:15 true
     0 | D:1      | 0 ||| qw: Do second Lair branch before Depths: true
     0 | D:1      | 0 ||| qw: Lair rune preference: random
     0 | D:1      | 0 ||| qw: Goals: Normal
     0 | D:1      | 0 ||| PLANNING D:1-11
   106 | D:1      | Reached XP level 2. HP: 17/17 MP: 2/2
   470 | D:1      | Found a faded altar of an unknown god.
   473 | D:1      | 473 ||| UPGRADING to +0 pair of boots.
   478 | D:1      | 478 ||| READING scroll labelled SULUAL OSMAOLO.
   479 | D:1      | 479 ||| READING scroll labelled WIOTUMINORE.
   480 | D:1      | 480 ||| READING scroll labelled VICROROHOHE.
   481 | D:1      | 481 ||| DRINKING 2 blue potions.
   482 | D:1      | 482 ||| DROPPING scroll of butterflies.
   530 | D:2      | Reached XP level 3. HP: 21/21 MP: 3/3
   543 | D:2      | Reached skill level 5 in Ranged Weapons
   696 | D:2      | Reached skill level 3 in Fighting
   704 | D:2      | Reached XP level 4. HP: 28/28 MP: 4/4
   798 | D:2      | Found Gischoinu's Antique Armour Emporium.
   806 | D:2      | 806 ||| SHOPLISTING helmet (117 gold, have 109).
   884 | D:2      | Noticed a phantom
   898 | D:2      | Killed a phantom
   898 | D:2      | HP: 6/28 [frozen (4)]
   899 | D:2      | Reached skill level 6 in Ranged Weapons
   899 | D:2      | Reached XP level 5. HP: 7/32 MP: 5/5
  1260 | D:2      | 1260 ||| UPGRADING to +0 ring mail.
  1270 | D:2      | 1270 ||| DROPPING +0 leather armour.
  1271 | D:2      | 1271 ||| READING scroll labelled JOHOGR SIDAPT.
  1272 | D:2      | 1272 ||| READING scroll labelled PAATAE CURA.
  1273 | D:2      | 1273 ||| READING scroll labelled LENGIYNG DADIR.
  1274 | D:2      | 1274 ||| DRINKING 2 metallic blue potions.
  1274 | D:2      | Gained mutation: Your mind is acute. (Int +4, Str/Dex -1)
                  | [potion of mutation]
  1274 | D:2      | Gained mutation: You are partially covered in iridescent
                  | scales. (AC +2) [potion of mutation]
  1327 | D:3      | Reached skill level 1 in Armour
  1350 | D:3      | You fall into a shaft and drop 3 floors!
  1397 | D:6      | Found a broken altar of Ashenzari.
  1444 | D:6      | Found a stormy altar of Qazlal.
  1446 | D:6      | Noticed a fire elemental
  1455 | D:6      | Noticed a water elemental
  1455 | D:6      | Noticed an air elemental
  1461 | D:6      | Noticed a centaur
  1464 | D:6      | HP: 8/33 [centaur/arrow (5)]
  1466 | D:6      | Killed a centaur
  1467 | D:6      | Reached XP level 6. HP: 6/39 MP: 6/6
  1602 | D:6      | Noticed a two-headed ogre
  1608 | D:6      | Mangled by a two-headed ogre

Levels and vault maps discovered:
D:1:      beargit_arrival_greenhouse, layout_rooms,
          shapermc_ecumenical_altar_hornbeckon, chequers_serial_rivers_micro_d
D:2:      layout_basic, serial_shops, nicolae_shop_just_a_little_nook
D:3:      layout_loops_ring, mainiacjoe_overflow_boulevard,
          nicolae_overflow_squiral, uniq_crazy_yiuf_cottage, uniq_grinder,
          uniq_ijyb
D:6:      layout_basic, nicolae_qazlal_style_of_elements,
          nicolae_ashenzari_panopticon, lemuel_round_altar,
          kennysheep_vampire_church

Skill      XL: |  1  2  3  4  5 |
---------------+----------------+-----
Ranged Weapons | 5 6 |  6.1
Fighting       | 3 4 |  4.7
Armour         | 1 |  1.0
Dodging        | |  1.5
Stealth        | |  1.1

Action                     |  1- 3 |  4- 6 || total
---------------------------+-------+-------++-------
   Fire: Shortbow          |   100 |    81 ||   181
    Use: Scroll            |     3 |     3 ||     6
         Potion            |     1 |     1 ||     2
 Armour: Leather armour    |    14 |    14 ||    28
         Ring mail         |       |    24 ||    24
  Dodge: Dodged            |    13 |    24 ||    37

Table legend:
 A = Non-vault XP
 B = Vault XP
 C = Vault XP percentage of total XP
 D = Non-vault monster count
 E = Vault monster count
 F = Vault count percentage of total count
                 A         B        C        D         E       F
            +---------+---------+-------+---------+---------+-------
      Total |     415 |       0 |   0.0 |      50 |       0 |   0.0
            +---------+---------+-------+---------+---------+-------
        D:1 |      30 |       0 |   0.0 |      19 |       0 |   0.0
        D:2 |     197 |       0 |   0.0 |      27 |       0 |   0.0
        D:3 |      27 |       0 |   0.0 |       2 |       0 |   0.0
        D:6 |     161 |       0 |   0.0 |       2 |       0 |   0.0
            +---------+---------+-------+---------+---------+-------
